 Dungeon Crawl Stone Soup version 0.18-a0-717-g59c076b (webtiles) character file.

37643 Mindmaker the Frost Mage (level 13, -28/82 HPs)
             Began as a Deep Elf Ice Elementalist on Dec 7, 2015.
             Was a High Priest of Vehumet.
             Killed from afar by a fire dragon (36 damage)
             ... with a blast of flame
             ... on level 8 of the Lair of Beasts on Dec 8, 2015.
             The game lasted 02:23:48 (19641 turns).

Mindmaker the Frost Mage (DEIE)                    Turns: 19641, Time: 02:23:48

Health: -28/82     AC:  8    Str:  5    XL:     13   Next: 59%
Magic:  20/29      EV: 18    Int: 26    God:    Vehumet [*****.]
Gold:   477        SH:  0    Dex: 15    Spells: 7 memorised, 8 levels left

rFire  . . .     SeeInvis .     b - staff of energy
rCold  + . .     Clarity  .     q - +1 robe "Ciorch" {+Inv}
rNeg   . . .     SustAt   .     (no shield)
rPois  .         Gourm    .     m - +2 helmet
rElec  .         Spirit   .     y - +0 cloak
rCorr  .         Dismiss  .     (no gloves)
rMut   .         Stasis   .     v - +0 pair of boots
MR     +....                    t - amulet of regeneration
Stlth  +.........               k - ring of protection from cold
                                (no ring)

@: about to teleport, somewhat resistant to hostile enchantments, very
unstealthy
A: no striking features
a: Renounce Religion, Evoke Invisibility


You were on level 8 of the Lair of Beasts.
You worshipped Vehumet.
Vehumet was extremely pleased with you.
You were not hungry.

You visited 3 branches of the dungeon, and saw 17 of its levels.
You also visited: Labyrinth and Sewer.

You collected 907 gold pieces.
You spent 430 gold pieces at shops.

Inventory:

Hand Weapons
 a - the +9 flail of the Toadstool {crush, rPois}
   (You found it on level 1 of the Lair of Beasts)

   It inflicts extra damage upon your enemies.
   It protects you from poison.
Armour
 m - a +2 helmet (worn)
 q - the +1 robe "Ciorch" (worn) {+Inv}
   (You found it on level 5 of the Dungeon)

   It lets you turn invisible.
 v - a +0 pair of boots (worn)
 y - a +0 cloak (worn)
Magical Staves
 b - an uncursed staff of energy (weapon)
Jewellery
 j - an uncursed ring of flight
 k - a ring of protection from cold (right hand)
 p - an uncursed amulet of stasis
 t - an amulet of regeneration (around neck)
 z - an uncursed ring of poison resistance
Wands
 e - a wand of random effects (23)
 u - a wand of heal wounds (6)
 A - a wand of frost (9)
 B - a wand of lightning (11)
 G - a wand of digging (5)
 H - a wand of digging (14)
 I - a wand of random effects (30)
 K - a wand of enslavement (15)
 M - a wand of paralysis (10)
 U - a wand of confusion (33)
Scrolls
 g - 3 scrolls of magic mapping
 n - a scroll of fog
 o - 6 scrolls of remove curse
 r - 5 scrolls of amnesia
 T - 3 scrolls of identify
Potions
 d - a potion of resistance
 f - a potion of brilliance
 h - 4 potions of flight
 i - 8 potions of curing
 l - 3 potions of haste
 w - 3 potions of might
 x - a potion of lignification {unknown}
 D - a potion of cancellation
 E - 2 potions of agility
 F - a potion of magic
 P - 2 potions of mutation {unknown}
Books
 O - a book of Frost

   Spells                             Type                      Level
   a - Freeze                         Ice                          1
   b - Throw Frost                    Conjuration/Ice              2
   c - Ozocubu's Armour               Charms/Ice                   3
   d - Throw Icicle                   Conjuration/Ice              4
   e - Summon Ice Beast               Ice/Summoning                4
   f - Condensation Shield            Ice                          4
Miscellaneous
 N - a crystal ball of energy
Comestibles
 c - 6 bread rations
 s - 6 meat rations
 J - 6 chunks of flesh
 L - 3 beef jerkies
 Q - a royal jelly
 R - 20 fruits


   Skills:
 - Level 10.0 Fighting
 - Level 10.0 Dodging
 - Level 2.4 Stealth
 - Level 10.1 Spellcasting
 - Level 12.0 Conjurations
 - Level 9.1 Summonings
 + Level 12.2 Ice Magic


You had 8 spell levels left.
You knew the following spells:

 Your Spells              Type           Power        Failure   Level  Hunger
a - Freeze                Ice            ####         1%          1    None
b - Throw Frost           Conj/Ice       ######       1%          2    None
c - Ozocubu's Armour      Chrm/Ice       #####...     1%          3    None
d - Condensation Shield   Ice            ######....   1%          4    None
e - Summon Ice Beast      Ice/Summ       ######..     1%          4    None
f - Throw Icicle          Conj/Ice       ######..     1%          4    None
g - Ozocubu's Refrigerat  Ice            ######....   1%          6    None


Dungeon Overview and Level Annotations

Branches:
Dungeon (8/15)             Temple (1/1) D:4            Lair (8/8) D:8
 Shoals (0/4) Lair:5       Spider (0/4) Lair:5        Slime (0/6) Lair:7

Altars:
Ashenzari
Cheibriados
Dithmenos
Elyvilon
Fedhas
Gozag
Kikubaaqudgha
Makhleb
Nemelex Xobeh
Okawaru
Pakellas
Qazlal
Ru
Sif Muna
Trog
Vehumet
Xom
Yredelemnul
Zin
The Shining One

Shops:
D:6 [   D:8 !

Annotations:
D:8 Grum


Message History

The fire dragon breathes flames at you.
The blast of flame hits the plant.
The blast of flame hits you!
* * * LOW HITPOINT WARNING * * *
Read which item? (? for menu, Esc to quit)
As you read the scroll of fog, it crumbles to dust.
The scroll dissolves into smoke.
Your ice beast barely misses the komodo dragon.
Read which item? (? for menu, Esc to quit)
As you read the scroll of teleportation, it crumbles to dust.
You feel strangely unstable. The komodo dragon bites your ice beast!
Your ice beast barely misses the komodo dragon.
Really walk into that cloud of steam?
You are engulfed in a cloud of scalding steam.
* * * LOW HITPOINT WARNING * * *
Something bites your ice beast.
You enter the shallow water.
Moving in this stuff is going to be slow.
The fire dragon breathes flames at you. The blast of flame hits you!
You die...

..............÷......######
#####
............#P≈≈♣P.###
..........%.#♣♣≈≈≈♣♣
............# ♣♣≈.♣ .♣♣♣
............# ♣♣%≈♣ ...♣
............# ♣.≈♣♣♣..♣
............# ♣≈≈P♣..♣ ♣
.........#.## ♣♣≈≈♣..♣ .≈..
.#....#...### ♣.@≈≈♣ .≈≈♣
...#P...P#..# ♣♣P.≈♣♣ .≈≈♣
.#.P........# ♣P.♣§≈♣♣≈†P♣
...P...PP...# ♣♣.♣♣D≈≈≈.♣
......<.....# ♣P.P.≈..♣♣
.##.......### ♣...PY≈♣♣
.##.......PP# ♣♣.♣l≈≈♣ ≈≈≈
.##.......PP# ♣♣..≈≈♣♣ .≈≈.
............# ♣..≈≈≈♣♣
..≈≈≈


You could see a fire dragon and a friendly ice beast.

Vanquished Creatures
  Kirke (Lair:5)
  A minotaur (Lab)
  Sonja (Lair:2)
  A fire crab (Lair:8)
  Pikel (D:5)
  An orb spider (Lair:5)
  A lindwurm (Lair:7)
  4 black mambas
  3 elephants
  6 spiny frogs
  3 fire drakes
  4 komodo dragons
  13 blink frogs
  A giant leech (Lair:8)
  8 yaks
  A hog (Lair:5)
  9 wolves
  6 hippogriffs
  8 water moccasins
  2 ice beasts (D:7)
  3 slaves (D:5)
  A phantom (D:7)
  2 sky beasts
  6 porcupines
  6 crocodiles
  4 centaurs
  A big kobold (Sewer)
  6 ogres
  8 giant frogs
  4 scorpions
  4 killer bees (D:8)
  2 electric eels
  3 crimson imps
  4 wights (D:8)
  A jelly (D:6)
  3 orc priests
  A giant frog skeleton (D:8)
  6 iguanas
  An orc wizard (D:4)
  8 worker ants
  3 sheep
  Robin (D:4)
  14 adders
  6 gnolls
  10 river rats
  2 shadow imps
  2 adder skeletons
  An adder zombie (D:5)
  A worm (D:2)
  4 giant geckos
  14 orcs
  9 giant cockroaches
  16 goblins
  9 hobgoblins
  13 jackals
  2 quokkas
  2 ball pythons
  9 bats
  6 giant newts
  A jackal zombie (D:6)
  16 kobolds
  A quokka skeleton (D:5)
  18 rats
  4 fungi
  3 plants (Lair:8)
316 creatures vanquished.

Vanquished Creatures (collateral kills)
  Snorg (Lair:5)
  7 hydras
  4 death yaks (Lair:7)
  A siren (Lair:5)
  A griffon (Lair:6)
  13 elephants
  A black mamba (Lair:5)
  A torpor snail (Lair:8)
  4 spiny frogs
  5 komodo dragons
  2 fire drakes (Lair:8)
  3 merfolk (Lair:5)
  20 blink frogs
  2 slime creatures (Lair:7)
  A boulder beetle (Lair:8)
  50 yaks
  3 hogs (Lair:5)
  A basilisk (Lair:8)
  3 hippogriffs
  8 wolves
  2 mottled dragons (Lair:8)
  2 porcupines
  2 water moccasins (Lair:8)
  2 swamp drakes (Lair:8)
  9 crocodiles
  3 giant frogs
  A wyvern skeleton (D:8)
  A jelly (Lair:7)
  An iguana (Lair:8)
  9 sheep
  16 river rats
  A fungus (Lair:7)
180 creatures vanquished.

Vanquished Creatures (others)
  A bush (Lair:8)
  16 fungi
  12 plants
29 creatures vanquished.

Grand Total: 525 creatures vanquished

Notes
Turn   | Place    | Note
--------------------------------------------------------------
     0 | D:1      | Mindmaker the Deep Elf Ice Elementalist began the quest for the Orb.
     0 | D:1      | Reached XP level 1. HP: 10/10 MP: 6/6
   373 | D:1      | Reached XP level 2. HP: 15/15 MP: 5/8
   436 | D:1      | Reached skill level 4 in Ice Magic
   456 | D:1      | Learned a level 2 spell: Throw Frost
   665 | D:1      | Reached XP level 3. HP: 12/19 MP: 2/9
   922 | D:2      | Learned a level 3 spell: Ozocubu's Armour
  1280 | D:2      | Reached skill level 5 in Ice Magic
  1649 | D:2      | Reached XP level 4. HP: 22/24 MP: 7/10
  2281 | D:3      | Found a snail-covered altar of Cheibriados.
  2497 | D:3      | Reached skill level 6 in Ice Magic
  2578 | D:3      | Found an oddly glowing altar of Pakellas.
  2647 | D:3      | Reached XP level 5. HP: 19/28 MP: 4/11
  2903 | D:4      | Found a glowing drain.
  2917 | Sewer    | Entered a sewer
  3005 | Sewer    | Learned a level 4 spell: Condensation Shield
  3510 | Sewer    | Found a white marble altar of Elyvilon.
  3573 | D:4      | Reached XP level 6. HP: 32/32 MP: 6/12
  3730 | D:4      | Found a staircase to the Ecumenical Temple.
  3760 | D:4      | Reached skill level 5 in Conjurations
  3891 | Temple   | Entered the Ecumenical Temple
  3991 | Temple   | Became a worshipper of Vehumet
  4127 | D:4      | Found a stormy altar of Qazlal.
  4138 | D:4      | Found an iron altar of Okawaru.
  4530 | D:4      | Noticed Robin
  4605 | D:4      | Killed Robin
  4605 | D:4      | Reached * piety under Vehumet
  4605 | D:4      | Offered knowledge of Magic Dart by Vehumet.
  4924 | D:4      | Reached XP level 7. HP: 36/36 MP: 5/15
  5351 | D:5      | Entered Level 5 of the Dungeon
  5370 | D:5      | Got an ominously black robe
  5381 | D:5      | Identified the +1 robe "Ciorch" {+Inv} (You found it on level 5 of the Dungeon)
  5574 | D:5      | Found a white marble altar of Elyvilon.
  5600 | D:5      | Reached skill level 5 in Spellcasting
  6181 | D:5      | Noticed Pikel
  6197 | D:5      | Killed Pikel
  6197 | D:5      | Reached skill level 7 in Dodging
  6197 | D:5      | Reached XP level 8. HP: 41/41 MP: 0/19
  6436 | D:6      | Reached skill level 1 in Fighting
  6452 | D:5      | Learned a level 4 spell: Summon Ice Beast
  6462 | D:5      | Learned a level 4 spell: Throw Icicle
  6789 | D:6      | Offered knowledge of Flame Tongue by Vehumet.
  6847 | D:6      | Found Ezidwy's Armour Shoppe.
  7311 | D:7      | Reached skill level 8 in Ice Magic
  7350 | D:7      | Reached ** piety under Vehumet
  7357 | D:7      | Reached XP level 9. HP: 41/48 MP: 7/20
  7778 | D:8      | Found Witafede's Distillery.
  7871 | D:8      | Found a deep blue altar of Sif Muna.
  7920 | D:8      | Bought a potion of cancellation for 80 gold pieces
  7920 | D:8      | Bought a potion of curing for 30 gold pieces
  7920 | D:8      | Bought 2 potions of agility for 80 gold pieces
  7920 | D:8      | Bought a potion of curing for 30 gold pieces
  7920 | D:8      | Bought a potion of haste for 100 gold pieces
  7920 | D:8      | Bought a potion of curing for 30 gold pieces
  7920 | D:8      | Bought a potion of magic for 80 gold pieces
  8265 | D:8      | Found a staircase to the Lair.
  8332 | D:8      | Reached skill level 9 in Ice Magic
  8427 | D:8      | Found a basalt altar of Yredelemnul.
  8429 | D:8      | Noticed a profane servitor
  8697 | D:8      | Reached skill level 10 in Ice Magic
  8707 | D:8      | Offered knowledge of Throw Flame by Vehumet.
  8790 | D:8      | Noticed a fire drake
  8797 | D:8      | Killed a fire drake
  9041 | D:8      | Found a glowing golden altar of the Shining One.
  9043 | D:8      | Noticed an angel
  9091 | Lair:1   | Entered Level 1 of the Lair of Beasts
  9099 | Lair:1   | Got a translucent flail
  9100 | Lair:1   | Identified the +9 flail of the Toadstool {crush, rPois} (You found it on level 1 of the Lair of Beasts)
  9139 | Lair:1   | Reached skill level 11 in Ice Magic
  9246 | Lair:1   | Noticed a spiny frog
  9252 | Lair:1   | Killed a spiny frog
  9252 | Lair:1   | Reached XP level 10. HP: 53/55 MP: 10/21
  9315 | Lair:1   | Noticed Grum
  9705 | Lair:1   | Reached *** piety under Vehumet
 10054 | Lair:1   | Reached skill level 5 in Fighting
 10418 | Lair:2   | Noticed Sonja
 10497 | Lair:2   | Killed Sonja
 10550 | Lair:2   | Found a labyrinth entrance.
 10561 | Lab      | Entered a labyrinth
 10848 | Lab      | Noticed a minotaur
 10912 | Lab      | Killed a minotaur
 10964 | Lab      | Identified a +0 rod of inaccuracy (9/9) (You found it in a labyrinth)
 11082 | Lair:2   | Offered knowledge of Force Lance by Vehumet.
 11147 | Lair:2   | Reached skill level 5 in Summonings
 11147 | Lair:2   | Reached XP level 11. HP: 41/67 MP: 4/22
 11814 | Lair:3   | Reached **** piety under Vehumet
 11820 | Lair:3   | Offered knowledge of Bolt of Magma by Vehumet.
 12858 | Lair:4   | Identified a scroll of acquirement
 14196 | Lair:5   | Reached ***** piety under Vehumet
 14196 | Lair:5   | Reached skill level 10 in Conjurations
 14199 | Lair:5   | Offered knowledge of Ozocubu's Refrigeration by Vehumet.
 14404 | Lair:5   | Noticed Kirke
 14416 | Lair:5   | Killed Kirke
 14416 | Lair:5   | Reached XP level 12. HP: 70/72 MP: 3/27
 14424 | Lair:5   | Learned a level 6 spell: Ozocubu's Refrigeration
 14504 | Lair:5   | Found a staircase to the Shoals.
 14679 | Lair:5   | Noticed Snorg
 14697 | Lair:5   | Killed Snorg
 14794 | Lair:5   | Found a hole to the Spider Nest.
 15382 | Lair:6   | Noticed an eight-headed hydra
 15394 | Lair:6   | Killed an eight-headed hydra
 15394 | Lair:6   | Reached skill level 12 in Conjurations
 15475 | Lair:5   | Noticed a six-headed hydra
 15481 | Lair:5   | Killed a six-headed hydra
 16165 | Lair:6   | Offered knowledge of Bolt of Fire by Vehumet.
 16220 | Lair:6   | Noticed a seven-headed hydra
 16231 | Lair:6   | Killed a seven-headed hydra
 16388 | Lair:6   | Noticed a seven-headed hydra
 16710 | Lair:6   | Killed a seven-headed hydra
 16712 | Lair:6   | Reached skill level 10 in Dodging
 16804 | Lair:7   | Noticed a six-headed hydra
 16817 | Lair:7   | Killed a six-headed hydra
 17287 | Lair:7   | Reached XP level 13. HP: 77/77 MP: 23/28
 17546 | Lair:7   | Found a staircase to the Slime Pits.
 18144 | Lair:8   | Entered Level 8 of the Lair of Beasts
 19174 | Lair:8   | Reached skill level 10 in Fighting
 19431 | Lair:8   | Reached skill level 10 in Spellcasting
 19641 | Lair:8   | Killed from afar by a fire dragon

Vault maps used:
D:1:      dpeg_arrival_renting, eino_curves_03
D:2:      minmay_ruptured
D:3:      nicolae_overflow_crystal_walls, grunt_pakellas_basics, first_bread
D:4:      kennysheep_goblin_castle, minitemple, temple_fountains,
          portal_sewer_entry_b
D:5:      elyvilon_altar_5, uniq_pikel
D:6:      serial_shops, shop_fountains
D:8:      grunt_temple_overflow_holy_war, lemuel_coloured_pillars_altar,
          minmay_lair_entry_lava, serial_shops, shop_fountains
Temple:   circular_temple_12
Lair:1:   uniq_grum
Lair:2:   lab_entry_generic, portal_ice_cave_entry_pillars_02, uniq_sonja
Lair:3:   beast_lair_carwin_2
Lair:5:   elwin_shoals_entry_stream, nicolae_spider_entry_orb_guardian,
          beast_lair_carwin_6, serial_bayou_shore_a, uniq_snorg, uniq_kirke
Lair:6:   cheibrodos_lair_caveside_slide, wad_woods_road_01,
          serial_bayou_shore_b
Lair:7:   minmay_slime_entry_pillars, lemuel_old_faithful
Lair:8:   hangedman_lair_in_review, guppyfry_lair_end_dragon, lemuel_fruit_tree
Lab:      nicolae_lab_diamond, nicolae_lab_very_dead_end, labyrinth_glass_1,
          nicolae_lab_lava, nicolae_lab_swirl, labyrinth_skeletal_remains,
          nicolae_lab_plus
Sewer:    sewer_kobolds

Action                   |  1- 3 |  4- 6 |  7- 9 | 10-12 | 13-15 || total
-------------------------+-------+-------+-------+-------+-------++-------
Melee: Dagger            |    39 |   216 |     7 |       |       ||   262
       Trident           |       |       |   283 |       |       ||   283
       Flail             |       |       |       |   106 |     9 ||   115
       Staff             |       |       |       |     1 |       ||     1
 Cast: Freeze            |    34 |    30 |    70 |   191 |    28 ||   353
       Throw Frost       |     6 |    19 |    67 |    76 |    21 ||   189
       Ozocubu's Armour  |     2 |    28 |    32 |    53 |    12 ||   127
       Summon Ice Beast  |       |       |     7 |   168 |    86 ||   261
       Condensation Shie |       |       |     9 |     9 |     2 ||    20
       Throw Icicle      |       |       |       |    34 |    12 ||    46
       Ozocubu's Refrige |       |       |       |       |    13 ||    13
Evoke: Wand              |       |       |       |     3 |       ||     3
       Staff of energy   |       |       |       |   214 |   154 ||   368
  Use: Scroll            |       |    11 |     7 |    11 |     3 ||    32
       Potion            |       |       |     1 |     6 |       ||     7
 Stab: Sleeping          |     3 |     5 |     5 |       |       ||    13
       Distracted        |       |       |     1 |     1 |       ||     2
  Eat: Chunk             |     3 |    14 |    15 |    32 |    15 ||    79
       Beef jerky        |       |       |     1 |     1 |       ||     2
       Pizza             |       |       |       |     4 |       ||     4
       Meat ration       |       |       |       |     1 |       ||     1
